 Dungeon Crawl Stone Soup version 0.22-a0-355-g201945f (webtiles) character file.

39 Amnesiac the Cutter (level 3, -8/19 HPs)
             Began as a Vine Stalker Fighter on Apr 17, 2018.
             Killed from afar by TheNamelessOne's ghost (21 damage)
             ... with a stone arrow
             ... on level 4 of the Dungeon.
             The game lasted 00:01:00 (361 turns).

Amnesiac the Cutter (Vine Stalker Fighter)           Turns: 361, Time: 00:01:01

Health: -8/19      AC:  6    Str: 19    XL:     3   Next: 47%
Magic:  0/4        EV:  7    Int:  8    God:
Gold:   65         SH:  9    Dex: 13    Spells: 0/2 levels left

rFire    . . .     SeeInvis .   a - +0 rapier
rCold    . . .     Gourm    .   c - +0 shield
rNeg     . . .     Faith    .   b - +0 scale mail
rPois    .         Spirit   +   (no helmet)
rElec    .         Reflect  .   (no cloak)
rCorr    .         Harm     .   (no gloves)
MR       .....                  (no boots)
Stlth    ..........             (no amulet)
HPRegen  0.06/turn              (no ring)
MPRegen  0.09/turn              (no ring)

@: no status effects
A: fangs 2, magic shield, antimagic bite, no potion heal 3, rot immunity
a: no special abilities


You were on level 4 of the Dungeon.
You were not hungry.

You visited 1 branch of the dungeon, and saw 4 of its levels.

You collected 65 gold pieces.

Inventory:

Hand Weapons
 a - a +0 rapier (weapon)
Armour
 b - a +0 scale mail (worn)
 c - a +0 shield (worn)
Scrolls
 e - a scroll of identify {!r, unknown}
 h - a scroll of teleportation {!r, unknown}
Potions
 d - a potion of might {!q}
 g - a potion of curing {!q, unknown}
 i - a potion of brilliance {!q, unknown}
Comestibles
 f - 2 rations


   Skills:
 - Level 2.6 Fighting
 + Level 3.4 Short Blades
 - Level 2.4 Armour
 - Level 2.6 Shields


You couldn't memorise any spells.
You knew the following spells:

 Your Spells              Type           Power        Failure   Level  Hunger
a - Apportation           Tloc           #.....       100%        1    ##.....
z - Confusing Touch       Hex            #.....       100%        1    ##.....


Dungeon Overview and Level Annotations

Branches:
Dungeon (4/15)
 Temple: D:4-7

Altars:

Annotations:
D:4 Grinder; TheNamelessOne's ghost, novice OpEE


Innate Abilities, Weirdness & Mutations

You have extremely sharp teeth.
When hurt, damage is shared between your health and your magic reserves.
Your bite disrupts and absorbs the magic of your enemies.
Potions cannot restore your health.
You are immune to rotting.


Message History

Okay, then.
Found 18 stones and 12 arrows.
No target in view!
A jackal comes into view.
A jackal is nearby!
Your shield and scale mail prevent you from hitting the jackal.
The jackal bites you. You block the jackal's attack.
You closely miss the jackal. You bite the jackal. You drain its power.
You feel invigorated.
The jackal is heavily wounded.
The jackal bites you.
You hit the jackal but do no damage.
The jackal is heavily wounded.
The jackal bites you but does no damage.
The jackal closely misses you.
You closely miss the jackal.
The jackal is heavily wounded.
The jackal barely misses you.
You completely miss the jackal.
The jackal is heavily wounded.
The jackal completely misses you.
The jackal bites you but does no damage.
You hit the jackal but do no damage.
The jackal is heavily wounded.
You block the jackal's attack.
You closely miss the jackal.
The jackal is heavily wounded.
The jackal bites you but does no damage.
The jackal barely misses you.
Your scale mail prevents you from hitting the jackal.
The jackal is heavily wounded.
The jackal barely misses you. You block the jackal's attack.
You hit the jackal.
The jackal is almost dead.
You block the jackal's attack.
You closely miss the jackal.
The jackal is almost dead.
You block the jackal's attack. x2
You hit the jackal but do no damage.
The jackal is almost dead.
The jackal barely misses you.
Your shield prevents you from hitting the jackal.
The jackal is almost dead.
The jackal bites you but does no damage.
You block the jackal's attack.
You hit the jackal.
You kill the jackal!
A jackal comes into view.
The jackal barks!
You see here a jackal corpse.
A jackal is nearby!
A jackal is nearby!
A jackal is nearby!
You see here a jackal corpse.
TheNamelessOne's ghost (novice Octopode Earth Elementalist) comes into view.
Grinder comes into view.
Grinder shouts!
The jackal bites you but does no damage.
TheNamelessOne's ghost turns its malevolent gaze towards you.
You block the jackal's attack.
TheNamelessOne's ghost stares at you and mumbles some strange words.
The stone arrow hits you!
Ouch! That really hurt!
You die...

#.# ##.# #..# # ###
###..# .## ....##....##
...# ...........###
##.....
.......<..W..#####.......
....###.........†.5......
. . ##......@h.........
#.................
#....###....(.####.
#...### ##....## ....##
#...## ...# #...# .#
#..## ..##


You could see Grinder, TheNamelessOne's ghost and a jackal.

Vanquished Creatures
  2 adders
  An ooze (D:2)
  A giant cockroach (D:1)
  A goblin (D:2)
  3 hobgoblins
  A jackal (D:4)
  A quokka (D:2)
  4 bats
  A frilled lizard (D:1)
  2 kobolds
  A rat (D:3)
18 creatures vanquished.

Notes
Turn   | Place    | Note
-------+----------+-------------------------------------------
     0 | D:1      | Amnesiac the Vine Stalker Fighter began the quest for the Orb.
     0 | D:1      | Reached XP level 1. HP: 11/11 MP: 2/2
    26 | D:1      | Reached skill level 2 in Short Blades
   151 | D:2      | Reached XP level 2. HP: 16/16 MP: 3/3
   205 | D:2      | Reached skill level 3 in Short Blades
   250 | D:2      | Reached XP level 3. HP: 17/19 MP: 4/4
   332 | D:4      | Learned a level 1 spell: Apportation
   334 | D:4      | Learned a level 1 spell: Confusing Touch
   359 | D:4      | Noticed TheNamelessOne's ghost (novice OpEE)
   359 | D:4      | Noticed Grinder
   361 | D:4      | Killed from afar by TheNamelessOne's ghost

Vault maps used:
D:1:      lightli_arrival_statuegarden, hangedman_decor_points
D:3:      first_ration
D:4:      minmay_temple_entry_statues_pillars, uniq_grinder

Skill      XL: |  1  2 |
---------------+-------+-----
Short Blades   | 2 3 |  3.4
Fighting       | |  2.6
Armour         | |  2.4
Shields        | |  2.6

Action                   || total
-------------------------++-------
Melee: Rapier            ||    53
       Bite              ||    10
Armor: Scale mail        ||    22
Dodge: Dodged            ||    19
Block: Shield            ||    27

Table legend:
 A = Spawn XP
 B = Non-spawn XP
 C = Spawn XP percentage of total XP
 D = Spawn monster count
 E = Non-spawn monster count
 F = Spawn count percentage of total count
 G = Total turns spent on level
                    A         B        C        D         E        F      G
               +---------+---------+-------+---------+---------+-------+---------
         Total |       0 |      57 |   0.0 |       0 |      18 |   0.0 |   361
               +---------+---------+-------+---------+---------+-------+---------
           D:1 |       0 |       6 |   0.0 |       0 |       4 |   0.0 |    80
           D:2 |       0 |      30 |   0.0 |       0 |       8 |   0.0 |   190
           D:3 |       0 |      19 |   0.0 |       0 |       5 |   0.0 |    50
           D:4 |       0 |       2 |   0.0 |       0 |       1 |   0.0 |    41
               +---------+---------+-------+---------+---------+-------+---------
